 Dungeon Crawl Stone Soup version 0.32-a0-999-gfa1cc04b1d (webtiles) character file.

Game seed: 2259099259941050854

5831 Cancer the Covert (level 10, 0/63 HPs)
             Began as an Octopode Delver on Apr 24, 2024.
             Was an Elder of Wu Jian.
             Slain by a wraith (11 damage)
             ... on level 10 of the Dungeon.
             The game lasted 00:56:13 (14360 turns).

Cancer the Covert (Octopode Delver)                Turns: 14360, Time: 00:56:14

Health: 0/63       AC:  1    Str: 13    XL:     10   Next: 80%
Magic:  0/13       EV: 13    Int: 12    God:    Wu Jian [****..]
Gold:   646        SH:  0    Dex: 13    Spells: 11/13 levels left

rFire   . .          .
                       - Unarmed
rCold   . . .        (no shield)
rNeg    . . .        t - melded +0 hat
rPois   .            f - amulet of guardian spirit
rElec   .            (no ring)
rCorr   .            (no ring)
SInv    .            (no ring)
Will    .....        (no ring)
Stlth   +++++        (no ring)
HPRegen 0.30/turn    (no ring)
MPRegen 0.13/turn    (no ring)
                     (no ring)

%: guardian spirit
@: exhausted, beast-form, on blink cooldown, slowed, very slow
A: beast (slay +4), almost no armour, amphibious, 8 rings, camouflage 1,
gelatinous body 1, (nimble swimmer 1), tentacles, clumsy 2
a: Begin Untransformation, Renounce Religion, Wall Jump, Serpent's Lash


You were on level 10 of the Dungeon.
You worshipped Wu Jian.
Wu Jian was greatly pleased with you.
You were a hulking beast.
You visited 2 branches of the dungeon, and saw 11 of its levels.
You also visited: Bailey.

You collected 646 gold pieces.

Inventory:

Hand Weapons
 J - the +9 whip "Wudonat" {freeze, rPois rN+ MP+9 Str+4}
   (You took it off an orc on level 3 of the Dungeon)

   Str+4:     It affects your strength (+4).
   rPois:     It protects you from poison.
   rN+:       It protects you from negative energy.
   MP+9:      It affects your magic capacity (+9).
Missiles
 q - a throwing net
Armour
 t - a +0 hat (melded)
 B - an orb of light
 M - a +1 robe of positive energy
Magical Staves
 L - a staff of air
Jewellery
 f - an amulet of guardian spirit (around mantle)
 k - an amulet of magic regeneration
Talismans
 C - a blade talisman
 D - a beast talisman (active)
Wands
 e - a wand of digging (7)
 v - a wand of flame (9)
 x - a wand of roots (12)
 z - a wand of paralysis (20)
Scrolls
 a - 2 scrolls of fog
 b - 2 scrolls of revelation
 c - 3 scrolls of fear
 h - 3 scrolls of poison
 l - 6 scrolls of identify
 o - a scroll of vulnerability {unknown}
 p - a scroll of butterflies {unknown}
 s - 4 scrolls of teleportation
 y - a scroll of silence {unknown}
 G - a scroll of blinking {unknown}
 H - 2 scrolls of enchant armour {unknown}
 K - a scroll of acquirement
Potions
 d - 2 potions of haste
 g - a potion of attraction {unknown}
 i - a potion of enlightenment {unknown}
 j - 2 potions of might {unknown}
 m - 3 potions of mutation
 n - a potion of curing {unknown}
 r - 2 potions of degeneration {unknown}
 u - a potion of cancellation {unknown}
 w - 2 potions of heal wounds
 A - a potion of lignification {unknown}
 E - a potion of brilliance {unknown}
 F - a potion of resistance {unknown}
 I - 2 potions of magic {unknown}


   Skills:
 - Level 4.0 Fighting
 - Level 4.0 Dodging
 - Level 10.0 Stealth
 - Level 10.0 Unarmed Combat
 - Level 2.0 Spellcasting
 - Level 3.0 Translocations
 + Level 8.9 Shapeshifting


You had 11 spell levels left.
You knew the following spells:

 Your Spells              Type           Power      Damage    Failure   Level
a - Blink                 Tloc           16%        N/A       12%         2

Your spell library contained the following spells:

 Spells                   Type           Power      Damage    Failure   Level
 Magic Dart               Conj           4%         1d3       26%         1
 Call Imp                 Summ           2%         N/A       38%         2
 Volatile Blastmotes      Fire/Tloc      8%         2d10      41%         3
 Dazzling Flash           Conj/Hex       2%         N/A       63%         3
 Fugue of the Fallen      Necr           1%         N/A       63%         3
 Mephitic Cloud           Conj/Alch/Air  1%         N/A       63%         3
 Ozocubu's Armour         Ice            1%         N/A       63%         3
 Iskenderun's Mystic Bla Conj/Tloc 4%             2d3        (+2d1     82%         4
 Fulminant Prism          Conj/Alch      0%         3d5       95%         4
 Silence                  Hex/Air        0%         N/A       100%        5
 Death Channel            Necr           0%         N/A       100%        6
 Sculpt Simulacrum        Ice/Alch       0%         N/A       100%        6
 Manifold Assault         Tloc           4%         N/A       100%        7
 Rimeblight               Ice/Necr       0%         2d3       (prima100%   7


Dungeon Overview and Level Annotations

Branches:
Dungeon (10/15)            Temple (1/1) D:4          Bailey (visited)
   Lair: D:8-11         Orc: D:9-12

Altars:
Ashenzari
Cheibriados
Dithmenos
Fedhas
Gozag
Hepliaklqana
Kikubaaqudgha
Makhleb
Nemelex Xobeh
Okawaru
Qazlal
Ru
Sif Muna
Trog
Uskayaw
Vehumet
Wu Jian
Xom
Yredelemnul
Zin
The Shining One
Beogh

Shops:
D:9 [

Annotations:
D:1 heal,mut,2pois
D:7 wall
D:8 2ogre,odemon, Amaemon
D:9 fire
D:10 Sonja


Innate Abilities, Weirdness & Mutations

You are a hulking beast.
Your limbs bulge with bestial killing power. (Slay +4)
You cannot wear most types of armour.
You are amphibious.
You can wear up to eight rings at the same time.
Your skin changes colour to match your surroundings (Stealth+).
Your rubbery body absorbs attacks. (AC +1, EV +1)
((You are camouflaged when in or above water. (Stealth+)))
You have tentacles for arms and can constrict up to eight enemies at once.
You are very clumsy. (Dex -4)


Message History

You tentacle-slap the wraith but do no damage.
You squeeze the wraith, but do no damage.
The wraith hits you!
* * * LOW HITPOINT WARNING * * *
You tentacle-slap the wraith but do no damage.
The wraith barely misses you.
You tentacle-slap the wraith but do no damage.
You squeeze the wraith, but do no damage.
The wraith hits you.
* * * LOW HITPOINT WARNING * * *
Casting: Blink (safe; 12% risk of failure)
Confirm with . or Enter, or press ? or * to list all spells.
You miscast Blink.
You are very lightly contaminated with residual magic.
Nothing appears to happen.
The wraith barely misses you.
Casting: Blink (safe; 12% risk of failure)
Confirm with . or Enter, or press ? or * to list all spells.
You don't have enough magic to cast this spell.
The wraith attacks as it pursues you! The wraith hits you!
* * * LOW HITPOINT WARNING * * *
The wraith drains your vigour!
You feel yourself slow down.
Your muscles tense, ready for explosive movement...
Your supernatural speed expires.
Your magical contamination has completely faded away.
Casting: Blink (safe; 12% risk of failure)
Confirm with . or Enter, or press ? or * to list all spells.
You blink.
The wraith hits you.
* * * LOW HITPOINT WARNING * * *
The wraith drains your vigour!
You feel as though you will be slow longer.
You feel much better. The wraith hits you!
* * * LOW HITPOINT WARNING * * *
The wraith misses you.
You bludgeon the wraith! Your squeeze misses the wraith.
The wraith is moderately damaged.
The wraith misses you.
You tentacle-slap the wraith. Your squeeze misses the wraith.
The wraith is heavily damaged.
The wraith hits you!
You die...

...
.##..).......†..###
...
.............####
... ............###
... ..............##
... ...............#
...............#
.............###
..............#
...........hW####
................#
........[...#...###
......(....##...#.##
......#'#...#...#..#
......'_'..##...).<#
.#.#..#'#......##.##
.###......#........#
..>.......####.##..#


You could see a wraith.

Vanquished Creatures
  An orc warlord (Bailey)
  Joseph (D:8)
  Sigmund (D:6)
  A shadow (D:9)
  5 wyverns
  3 yaks (D:9)
  2 acid dragons (D:8)
  3 water moccasins
  2 black bears (D:5)
  4 orc warriors
  The ghost of SaintCanti the Grave Robber, an amateur OnNe (D:3)
  A phantom (D:4)
  A kobold brigand (D:7)
  2 bullfrogs
  5 scorpions
  4 wights (D:9)
  5 killer bees (D:9)
  A jelly (D:5)
  An electric eel (D:6)
  2 howler monkeys (D:8)
  2 bombardier beetles
  4 hounds
  4 orc priests
  2 gnoll boudas
  A sleepcap (D:7)
  Ijyb (D:3)
  2 iguanas
  3 orc wizards
  Robin (D:3)
  13 gnolls
  11 adders
  A shadow imp (D:5)
  A white imp (D:6)
  6 dart slugs
  2 ribbon worms
  30 orcs
  5 ball pythons
  3 bats
  6 endoplasms
  7 giant cockroaches
  14 goblins
  15 hobgoblins
  4 frilled lizards
  19 kobolds
  7 rats
210 creatures vanquished.

Notes
Turn   | Place    | Note
-------+----------+-------------------------------------------
     0 | D:5      | Cancer the Octopode Delver began the quest for the Orb.
     0 | D:5      | Reached XP level 1. HP: 16/16 MP: 1/1
    18 | D:5      | Reached XP level 2. HP: 20/21 MP: 2/2
   338 | D:4      | Found a staircase to the Ecumenical Temple.
   347 | D:4      | Noticed a phantom
   357 | Temple   | Entered the Ecumenical Temple
   386 | Temple   | Became a worshipper of the Wu Jian Council
   486 | D:3      | Reached XP level 3. HP: 26/26 MP: 3/3
   523 | D:3      | Noticed Robin
   524 | D:3      | Noticed Ijyb
   530 | D:3      | Found a hazy altar of Hepliaklqana.
   542 | D:3      | Noticed a scorpion
   757 | D:1      | Reached XP level 4. HP: 31/31 MP: 4/4
   906 | D:1      | Found a faded altar of an unknown god.
  1094 | D:1      | Reached * piety under Wu Jian
  2065 | D:2      | Reached skill level 5 in Unarmed Combat
  2065 | D:2      | Reached XP level 5. HP: 17/36 MP: 2/5
  2501 | D:3      | Found a sparkling altar of Nemelex Xobeh.
  2730 | D:3      | Found a runed translucent gate.
  2731 | D:3      | Found a runed translucent gate.
  2732 | D:3      | Found a runed translucent gate.
  2734 | D:3      | Noticed SaintCanti's ghost (amateur OnNe)
  2736 | D:3      | Found a roughly hewn altar of Beogh.
  2739 | D:3      | Identified the +9 whip "Wudonat" {freeze, rPois rN+ MP+9
                  | Str+4}
  2955 | D:3      | Found a hide-covered altar of Uskayaw.
  3053 | D:3      | Reached XP level 6. HP: 42/42 MP: 6/6
  3154 | D:3      | Reached ** piety under Wu Jian
  3213 | D:3      | Killed Ijyb
  3370 | D:3      | Killed Robin
  3670 | D:4      | Found a shadowy altar of Dithmenos.
  3770 | D:4      | Reached XP level 7. HP: 40/46 MP: 5/7
  4815 | D:5      | Reached XP level 8. HP: 49/52 MP: 8/8
  5358 | D:6      | Noticed a wyvern
  5649 | D:6      | Noticed Sigmund
  5878 | D:6      | Found a bloodstained altar of Trog.
  5878 | D:6      | Found a burning altar of Makhleb.
  5984 | D:6      | Killed Sigmund
  6788 | D:7      | Identified the +2 helmet of Tender Moments {rF+ Will+
                  | Dex+3}
  6822 | D:7      | Reached skill level 1 in Shapeshifting
  6822 | D:7      | Reached XP level 9. HP: 58/58 MP: 9/9
  6910 | D:7      | Found a glowing silver altar of Zin.
  7707 | D:7      | Reached skill level 10 in Stealth
  8002 | D:8      | Found a flagged portal.
  8009 | D:8      | Reached *** piety under Wu Jian
  8042 | D:8      | Noticed Joseph
  8169 | D:8      | Noticed a two-headed ogre
  8210 | Bailey   | Entered a bailey
  8280 | Bailey   | Reached skill level 10 in Unarmed Combat
  8295 | Bailey   | Noticed an orc warlord
  8480 | Bailey   | Found a runed translucent gate.
  8485 | Bailey   | Found a runed translucent gate.
  8502 | Bailey   | Found a runed translucent gate.
 10039 | Bailey   | Gained mutation: You are clumsy. (Dex -2) [potion of
                  | mutation]
 10039 | Bailey   | Gained mutation: You are very clumsy. (Dex -4) [potion of
                  | mutation]
 10093 | Bailey   | Killed an orc warlord
 10094 | Bailey   | Reached skill level 5 in Shapeshifting
 10614 | D:8      | Reached XP level 10. HP: 63/63 MP: 10/10
 10630 | D:8      | Learned a level 2 spell: Blink
 10695 | D:8      | Noticed an orange demon
 10996 | D:6      | Reached skill level 1 in Translocations
 11044 | D:8      | Killed Joseph
 11045 | D:8      | Reached skill level 1 in Spellcasting
 11116 | D:8      | Noticed Amaemon
 11300 | D:9      | Found a snail-covered altar of Cheibriados.
 11304 | D:9      | Found Cheibriados's Comfort Zone.
 11588 | D:8      | Found an opulent altar of Gozag.
 12717 | D:9      | Reached **** piety under Wu Jian
 13550 | D:3      | Killed SaintCanti's ghost
 14129 | D:10     | Entered Level 10 of the Dungeon
 14129 | D:10     | Noticed Sonja
 14244 | D:10     | Found a sacrificial altar of Ru.
 14352 | D:10     | HP: 3/63 [wraith (9)]
 14357 | D:10     | HP: 1/63 [wraith (4)]
 14360 | D:10     | Slain by a wraith

Illustrated notes

Levels and vault maps discovered:
D:1:      evilmike_arrival_plus, layout_loops_ring,
          shapermc_ecumenical_altar_acropolis, serial_co_window_serial,
          co_window_corner_a, co_window_corner_a, co_window_corner_a,
          co_window_of_opportunity_a, co_window_corner_a, co_window_corner_a,
          co_window_paths_a, co_window_broadway_b, co_window_2corner,
          co_window_cross_3, glass_columns_a, glass_columns_a, glass_columns_a,
          glass_columns_a
D:2:      layout_loops_corners, minmay_splitting_lines
D:3:      minmay_spotlight, layout_basic, nemelex_spade_bored_becter,
          mainiacjoe_overflow_catch_the_wave, biasface_ghost_orc_armoury,
          serial_bayou_pond_e, chequers_serial_rivers_micro_c,
          nicolae_goblin_pals
D:4:      layout_basic, nicolae_dithmenos_through_a_glass_darkly,
          minmay_temple_entry_glass, kennysheep_generic_room_4
D:5:      black_bear_nest_1, layout_gridville
D:6:      cheibrodos_helix_gallery, layout_gridville,
          gammafunk_temple_overflow_statue, uniq_sigmund
D:7:      layout_cave_pods, zin_treasury, sigmund_army
D:8:      layout_loops_cross, mainiacjoe_overflow_boulevard, enter_bailey_5,
          uniq_joseph, uniq_amaemon
D:9:      layout_loops_ring, minmay_shop_chei, lemuel_flame_loot_1
D:10:     layout_cave_pools, kennysheep_mini_moat, kennysheep_mini,
          minmay_orc_entry_temple_small, eino_jars, uniq_sonja
Temple:   nicolae_temple_godzebo

Skill      XL: |  1  2  3  4  5  6  7  8  9 10 |
---------------+-------------------------------+-----
Unarmed Combat | 3 4 5 6 7 9 10 | 10.0
Stealth        | 9 10 | 10.0
Fighting       | 4 |  4.0
Dodging        | 4 |  4.0
Shapeshifting  | 1 6 8 |  8.9
Translocations | 3 |  3.0
Spellcasting   | 2 |  2.0

Action                     |  1- 3 |  4- 6 |  7- 9 | 10-12 || total
---------------------------+-------+-------+-------+-------++-------
  Melee: Unarmed           |    36 |   125 |   196 |   109 ||   466
         Tentacles         |     9 |    23 |    55 |    29 ||   116
         Constrict         |    15 |    37 |    46 |    17 ||   115
         Punch             |     1 |     5 |    14 |     4 ||    24
  Throw: Boomerang         |       |       |     2 |       ||     2
   Cast: Blink             |       |       |       |     2 ||     2
 Invoke: Serpent's Lash    |       |       |       |     1 ||     1
Ability: Lunge             |     7 |    25 |    43 |    21 ||    96
         Whirlwind         |       |     8 |    23 |     5 ||    36
    Use: Scroll            |       |       |     4 |       ||     4
         Potion            |       |       |     2 |     1 ||     3
   Stab: Sleeping          |    10 |    23 |    22 |    12 ||    67
         Distracted        |       |     1 |     4 |     1 ||     6
 Armour: Skin              |     9 |    29 |    88 |    51 ||   177
  Dodge: Dodged            |    13 |    36 |    70 |    40 ||   159
   Form: Beast             |       |       |     1 |       ||     1

Table legend: (Time is in decaauts)
 A = Elapsed time spent in this place.
 B = Non-inter-level travel time spent in this place.
 C = Inter-level travel time spent in this place.
 D = Time resting spent in this place.
 E = Time spent auto-exploring this place.
 F = Levels seen in this place.
 G = Mean time per level.
                   A        B        C        D        E       F      G
               +--------+--------+--------+--------+--------+-----+--------+
         Total |  14336 |  12350 |   1986 |   1540 |   5767 |  12 | 1194.7 |
       Dungeon |  12257 |  10327 |   1930 |    657 |   5523 |  10 | 1225.7 |
        Temple |     58 |      2 |     56 |      0 |      0 |   1 |   58.0 |
        Bailey |   2020 |   2020 |      0 |    883 |    244 |   1 | 2020.0 |
               +--------+--------+--------+--------+--------+-----+--------+

Top non-repeatable levels by time:
  Bailey: 2020 daAuts
     D:9: 1842 daAuts
     D:8: 1750 daAuts
     D:6: 1702 daAuts
     D:3: 1566 daAuts
     D:7: 1508 daAuts
     D:5: 1047 daAuts
     D:2: 988 daAuts
     D:1: 893 daAuts
     D:4: 863 daAuts
    D:10: 94 daAuts
  Temple: 58 daAuts
